[Event "MPL-4 Indian Chess Tour 2022"]
[Site "Chess24"]
[Date "2022.09.27"]
[Round "12.6"]
[White "Aditya Mittal"]
[Black "Aronyak Ghosh"]
[Result "1/2-1/2"]
[ECO "A34"]
[WhiteElo "2485"]
[BlackElo "2519"]
[Annotator "TA"]
[PlyCount "130"]
[EventDate "2022.09.29"]
[EventType "tourn (rapid)"]
[EventCountry "NET"]
[SourceTitle "playchess.com"]
[Source "ChessBase"]
[SourceQuality "1"]
[WhiteTeam "India"]
[BlackTeam "India"]
[WhiteTeamCountry "IND"]
[BlackTeamCountry "IND"]
[TimeControl "900+10"]

1. c4 c5 2. Nf3 Nf6 3. Nc3 e6 4. g3 Nc6 5. Bg2 Qb6 6. e4 {[%emt 0:00:03] A34: Symmetrical English: 2 Nc3, lines with ...d5.} d6 7. O-O Be7 8. d3 {[%emt 0:00:03] White is slightly better.} Bd7 9. Rb1 O-O 10. a3 a5 11. b3 {[%emt 0:00:02][%cal Bb2b3,Bb3b4,Bb4a5][%mdl 32] [#]} Ne8 $146 ({Predecessor:} 11... Nd4 12. Nxd4 cxd4 13. Ne2 e5 14. h3 Qd8 15. f4 b5 16. g4 bxc4 17. bxc4 Bc6 {0-1 (33) Tseitlin,M (2445)-Cvitan,O (2541) Biel 2000}) 12. Be3 Bf6 {[%emt 0:00:21] Inhibits d4.} 13. Nb5 Nd4 14. Nbxd4 cxd4 15. Bd2 Qd8 16. b4 b5 17. bxa5 (17. e5 $5 dxe5 18. Qe2 $11) 17... bxc4 18. dxc4 Bc6 (18... e5 $1 $11 {keeps the balance.}) 19. Re1 $36 {[%emt 0:00:21][%mdl 2048] Keeping Black busy.} e5 20. Rb6 {[%emt 0:02:10] White is more active.} Qd7 {[%emt 0:00:03] [#]} (20... Bd7 $16 {was worth a try.}) 21. Nxd4 $1 $18 Ba4 22. Qb1 Bd8 (22... exd4 $2 23. e5 Rc8 24. exf6 Nxf6 25. a6 $18) 23. Rb7 Qc8 24. Nf5 Bc6 {[%emt 0:00:31] [#]} 25. Rb3 ({White should play} 25. Rb6 $1) 25... g6 $16 26. Ne3 Bxa5 27. Bxa5 (27. Bb4 $16) 27... Rxa5 $14 28. Qd3 Qc7 29. Reb1 Nf6 30. Nd5 Bxd5 31. cxd5 Rfa8 32. Qf3 Kg7 (32... Nd7 {looks sharper.} 33. Rb7 Qc2 34. R1b3 R8a7) 33. g4 R8a7 34. h4 h6 35. h5 g5 {[%emt 0:00:14][%mdl 1024] Black has compensation.} 36. Rc3 Qd7 37. Bh3 Ra4 38. Re1 Rc7 39. Rxc7 Qxc7 40. Re3 Qc5 41. Kh2 Rc4 42. Qf5 {[%emt 0:00:28] Hoping for Rf3.} Qa7 43. Qf3 Rc2 44. Kg2 Ra2 45. Kg3 Qd4 46. Bf1 Ra1 47. Kg2 (47. Bg2 $11) 47... Qb2 $19 {[%emt 0:00:35] Strongly threatening ...Qc1.} 48. Qe2 $2 {[%emt 0:00:15] [#]} (48. Be2) 48... Qb1 $1 49. Qd3 ({Not} 49. f3 Ra2 50. a4 Nd7 $19) 49... Qc1 50. Qc4 Qd1 (50... Nxg4 51. Qxc1 Rxc1 52. Rb3) (50... Qxc4 $19 {and Black stays clearly on top.} 51. Bxc4 Nxg4) 51. Qe2 (51. f3 $17) 51... Qa4 $2 (51... Nxg4 $19 52. Rg3 Nf6 53. Qxd1 Rxd1) 52. Qc4 $2 {[%emt 0:00:04] [#]} (52. Kg3 $11) 52... Rxa3 $2 ({Weaker is} 52... Qd1 53. f3 $15) ({Better is} 52... Qxc4 $1 $19 53. Bxc4 Nxg4) 53. Qxa4 $11 {[%emt 0:00:06] The position is equal.} Rxa4 $19 {[%emt 0:00:00][%mdl 4096] Endgame KRB-KRN} 54. f3 Ra2+ 55. Re2 Rxe2+ 56. Bxe2 $11 {[%emt 0:00:00] KB-KN} Kf8 57. Kf2 Ke7 58. Ke3 Kd7 59. Kd3 Kc7 60. Kc3 Kb6 61. Kb4 Nd7 62. Bf1 Nc5 63. Be2 Nd7 64. Bc4 Nc5 65. Be2 Nd7 {[%emt 0:00:01] Never resign too early!  Weighted Error Value: White=0.28 (precise) /Black=0.21 (precise)} 1/2-1/2

[Event "MPL-4 Indian Chess Tour 2022"]
[Site "Chess24"]
[Date "2022.09.27"]
[Round "12.7"]
[White "Sethuraman, S.P."]
[Black "Bharath Subramaniyam H"]
[Result "0-1"]
[ECO "B51"]
[WhiteElo "2638"]
[BlackElo "2495"]
[Annotator "TA"]
[PlyCount "98"]
[EventDate "2022.09.29"]
[EventType "tourn (rapid)"]
[EventCountry "NET"]
[SourceTitle "playchess.com"]
[Source "ChessBase"]
[SourceQuality "1"]
[WhiteTeam "India"]
[BlackTeam "India"]
[WhiteTeamCountry "IND"]
[BlackTeamCountry "IND"]
[TimeControl "900+10"]

1. e4 c5 2. Nf3 d6 3. Bb5+ Nd7 4. d4 cxd4 5. Qxd4 Ngf6 6. O-O {[%emt 0:00:36] B51: Sicilian: Moscow Variation (3 Bb5+) without 3...Bd7.} a6 (6... g6 {seems wilder.} 7. e5 dxe5 8. Qxe5 a6) 7. Be2 g6 (7... e5 $5 8. Qe3 Be7 $11) 8. Nc3 {[%emt 0:00:10] The position is equal.} Bg7 9. Rd1 O-O 10. e5 dxe5 11. Nxe5 Ne8 {[%emt 0:00:30] And now ...Qc7 would win.} 12. Bf4 Nd6 {[%emt 0:00:48][%cal Og6g5] [#]} 13. Qe3 $146 ({Predecessor:} 13. Qd5 Nxe5 14. Bxe5 Be6 15. Qd4 Nf5 16. Qf4 Bxe5 17. Qxe5 Qb8 18. Qe4 Nd6 19. Qh4 {1-0 (46) Zherebukh,Y (2620)-Li,E Chess.com INT 2020}) 13... Nxe5 14. Bxe5 Bxe5 15. Qxe5 Be6 16. Ne4 Qc7 17. c3 Rad8 18. Bf3 Nb5 19. Qg5 Rxd1+ 20. Rxd1 Rd8 21. Rxd8+ Qxd8 22. Nc5 Bxa2 23. Nxb7 Qd3 {[%emt 0:00:05] ( -> ...Qb1+)} 24. Qc1 Nd6 25. Nc5 Qb5 26. b4 a5 27. Qa3 axb4 28. cxb4 Qc4 29. h3 Nb5 30. Qa8+ Kg7 31. Nd7 Qc1+ 32. Kh2 Qc7+ 33. g3 ({White should play} 33. Kg1 $11 Qxd7 34. Qxa2) 33... Qxd7 $15 34. Qxa2 {[%emt 0:00:01][%mdl 4096] Endgame KQB-KQN} Qd4 {[%emt 0:00:06] Against Qc4} 35. Qe2 Qxb4 36. Qe5+ f6 37. Qe3 Nd4 38. Bg2 Qd6 39. f4 {[%emt 0:00:14] [#]} ({White should try} 39. h4 $15) 39... h5 (39... Nf5 $1 $17 40. Qe1 h5) 40. Be4 e5 41. Kg2 {[%emt 0:00:51] This move loses the game for White.} (41. Bd3 $15) 41... h4 42. Bd3 (42. Kf2 {is a better defense.}) 42... Qd5+ $19 43. Kg1 $2 {[%emt 0:00:14] [#]} (43. Kf2 $19 hxg3+ 44. Kxg3) 43... hxg3 {[%emt 0:00:13] Black mates.} 44. fxe5 Nf3+ 45. Kf1 g2+ 46. Kxg2 Ne1+ $1 47. Kg3 Qg2+ 48. Kf4 Qg5+ 49. Ke4 Qxe5# {[%emt 0:00:01] Weighted Error Value: White=0.25 (precise) /Black=0.06 (flawless)} 0-1

[Event "MPL-4 Indian Chess Tour 2022"]
[Site "Chess24"]
[Date "2022.09.27"]
[Round "12.8"]
[White "Mitrabha, Guha"]
[Black "Vaibhav, Suri"]
[Result "0-1"]
[ECO "E18"]
[WhiteElo "2471"]
[BlackElo "2600"]
[Annotator "TA"]
[PlyCount "76"]
[EventDate "2022.09.29"]
[EventType "tourn (rapid)"]
[EventCountry "NET"]
[SourceTitle "playchess.com"]
[Source "ChessBase"]
[SourceQuality "1"]
[WhiteTeam "India"]
[BlackTeam "India"]
[WhiteTeamCountry "IND"]
[BlackTeamCountry "IND"]
[TimeControl "900+10"]

1. Nf3 d5 2. c4 e6 3. g3 Nf6 4. Bg2 b6 5. cxd5 exd5 6. d4 Bb7 7. Nc3 Be7 8. O-O O-O 9. Bf4 Na6 10. Ne5 c5 11. Qa4 {[%emt 0:00:04] E18: Queen's Indian: Old Main Line (4 g3 Bb7 5 Bg2 Be7 6 0-0 0-0 7 Nc3).} cxd4 12. Qxd4 Qe8 {[%emt 0:00:01] [#]} 13. Qa4 $146 {[%emt 0:01:41] White is slightly better.} ({Much weaker is} 13. Bxd5 Nxd5 14. Nxd5 Bc5 $11) (13. Rfd1 $5 ) ({Predecessor:} 13. Nc4 Rd8 14. Ne3 Nb4 15. Nf5 Bc5 16. Qd2 Ne4 17. Qc1 Qe6 18. Bh3 Kh8 19. a3 Nxc3 20. bxc3 {½-½ (61) Varonen,M (2098)-Roynet,S (1991) ICCF email 2016}) 13... Qxa4 14. Nxa4 Ne4 15. Rac1 Rfe8 16. Rfd1 Nac5 17. Nxc5 bxc5 18. Nd3 (18. Nd7 $14) 18... Ba6 (18... g5 $5 19. Be3 d4 $11) 19. Kf1 (19. Be3 $5 ) 19... Rac8 (19... Bf8 $11) 20. Bh3 $14 {[%emt 0:00:16] [#] Strongly threatening f3.} Ra8 21. Bg2 (21. Bd7 $16) 21... Bf8 22. h4 h6 23. h5 Rad8 24. Bf3 g5 25. hxg6 $1 fxg6 26. Kg2 c4 27. Ne1 (27. Ne5 $11) 27... d4 28. Nc2 Bc5 29. Bc7 (29. Bxh6 $11 c3 30. b4) 29... Rd7 $36 {[%emt 0:00:04][%mdl 2048] Keeping White busy.} 30. Ba5 d3 {[%emt 0:01:54] Black is more active.} 31. Ne3 $2 {[%emt 0:01:44][%mdl 8192] [#] Loses the game.} (31. exd3 $15 Nxf2 32. Re1 Rxe1 33. Nxe1) 31... Nxf2 $1 $19 32. Nd5 {[%emt 0:00:02] Nf6+ is the strong threat.} (32. Ng4 Nxd1) 32... Nxd1 33. Nf6+ Kf7 34. Nxd7 Ne3+ 35. Kf2 $2 (35. Kh1 Bd6 36. exd3) 35... Bd4 {[%emt 0:00:06] And now ...dxe2 would win. Black is clearly winning.} 36. exd3 cxd3 37. Bc3 d2 38. Rh1 d1=Q {[%emt 0:00:24] Weighted Error Value: White=0.73/Black=0.13 (very precise)} 0-1

[Event "MPL-4 Indian Chess Tour 2022"]
[Site "Chess24"]
[Date "2022.09.27"]
[Round "13.8"]
[White "Narayanan.S.L"]
[Black "Adhiban, B.."]
[Result "1-0"]
[ECO "A46"]
[WhiteElo "2657"]
[BlackElo "2603"]
[Annotator "TA"]
[PlyCount "95"]
[EventDate "2022.09.29"]
[EventType "tourn (rapid)"]
[EventCountry "NET"]
[SourceTitle "playchess.com"]
[Source "ChessBase"]
[SourceQuality "1"]
[WhiteTeam "India"]
[BlackTeam "India"]
[WhiteTeamCountry "IND"]
[BlackTeamCountry "IND"]
[TimeControl "900+10"]

1. d4 Nf6 2. Nf3 d6 3. Nc3 Bf5 4. Nh4 Bd7 5. e4 e5 6. Nf3 {[%emt 0:00:00][%cal Bh4f3,Bf3d4,Bd4e2,Be2f4][%mdl 32] A46: 1 d4 Nf6 2 Nf3 e6: Torre, London and Colle Systems.} exd4 7. Nxd4 g6 8. g3 (8. f3 $14) 8... Bg7 $11 9. Bg2 O-O 10. O-O Nc6 11. Nde2 Re8 {[%emt 0:00:05][%cal Ob7b5] [#]} 12. Nf4 $146 ({Predecessor:} 12. h3 b5 13. a3 a5 14. Bg5 Rb8 15. Nd5 h6 16. Bxf6 Bxf6 17. c3 Bg7 18. b4 {½-½ (65) Maghsoodloo,P (2679)-Adhiban,B (2689) Chess.com INT 2019}) 12... Ne5 13. Re1 h5 14. h4 Bg4 15. f3 Bd7 16. b3 b5 17. Be3 b4 18. Ncd5 Nxd5 19. Nxd5 a5 20. Bg5 f6 21. Be3 Bc6 22. Qd2 Kh7 23. Rad1 Bxd5 24. Qxd5 a4 25. f4 {[%emt 0:01:32][%cal Bf3f4,Bf4f5][%mdl 32] White is more active. Black is now going downhill.} Ng4 26. f5 $36 {[%emt 0:00:01][%mdl 2048] [#] Black must now prevent fxg6+. White has strong initiative.} g5 (26... Ne5 $16) 27. Qf7 $18 Nxe3 $2 (27... Ne5 28. Qxh5+ Kg8 29. hxg5 fxg5) 28. Qxh5+ Kg8 29. Rxe3 {[%emt 0:00:00][%cal Oe4e5] Threatens to win with e5! The board is on fire.} axb3 (29... Re5 {was worth a try.} 30. Bf1 Rc5 31. Bc4+ Rxc4) 30. e5 {[%emt 0:00:19] Bd5+ would kill now.} Ra5 31. axb3 {[%emt 0:00:40][%cal Oe5f6] Hoping for exf6!} Rexe5 32. Rxe5 Rxe5 33. Bd5+ Rxd5 34. Rxd5 {[%emt 0:00:01][%mdl 4096] Endgame KQR-KQB} Qa8 35. Qf3 gxh4 36. gxh4 Bh6 37. Kg2 Kh8 (37... Qc6 $142 38. Qe4 Bd2) 38. Rd4 Qa2 39. Qe2 {[%emt 0:00:05] White wants to mate with Qe8+.} Qa8+ 40. Qe4 Qg8+ 41. Qg4 Qe8 42. Re4 Qc6 43. Kh3 Qc3+ 44. Qg3 Qc6 45. Qd3 Bg7 46. Kg4 (46. Qe2 $142 Bf8 47. Qh5+ Kg8 48. Qg6+ Kh8 49. Qxf6+ Bg7 50. Qe7 Qc3+ 51. Kg4) 46... Kh7 47. Kh3 $2 ({Better is} 47. Qc4 $18 Qa8 48. Qxb4) 47... Qb7 {[%emt 0:01:25][%mdl 8192] [#]} (47... Kh8 $11 48. Rxb4 Qh1+ 49. Kg4 Bf8) 48. Qf3 {[%emt 0:00:03] Weighted Error Value: White=0.42/Black=0.51} 1-0